AoeStats
← Combi l BU

Arabia

505477265Analyzed
1v1 RM · 23d ago on Sep 9, 2026· 55m 57s· 2 players
Game mode
Random Map
Map size
Tiny (2 player)
Population
200
Speed
Normal
Resources
Standard
Victory
Conquest
Starting age
Dark Age
Ending age
Imperial Age
RankedLock teamsTeams togetherTeam positionsShared explorationLock speedFull tech treeHidden civsTurbo modeCheats
Victory
Defeat
🇲🇽 Wu · Mexico
1908
+15
🇵🇪 Malay · Peru
1877
-15
Ijusttry09
7:21 Loom
10:04 Feudal Age
11:08 Double-Bit Axe
13:27 Fishing Lines
17:19 Fletching
18:59 Wheelbarrow
21:48 Castle Age
21:15 Gillnets
20:56 Crossbowman
21:46 Bodkin Arrow
22:21 Gold Mining
23:30 Ballistics
26:22 Thumb Ring
28:51 Bow Saw
29:47 Horse Collar
34:14 Hand Cart
37:08 Imperial Age
35:03 Forging
34:59 Stone Mining
36:45 Iron Casting
36:57 Bracer
37:22 Conscription
36:44 Capped Ram
38:28 Blast Furnace
36:54 Elite Skirmisher
38:19 Squires
39:32 Chemistry
39:52 Gold Shaft Mining
39:53 Stone Shaft Mining
40:11 Forced Levy
39:36 Elite Karambit Warrior
40:40 Masonry
44:07 Padded Archer Armor
48:08 Man-at-Arms
48:54 Long Swordsman
50:05 Forced Levy
49:28 Two-Handed Swordsman
Combi l BU
6:24 Loom
8:53 Feudal Age
9:22 Double-Bit Axe
14:51 Fletching
19:36 Castle Age
18:17 Gold Mining
18:32 Horse Collar
19:38 Crossbowman
20:15 Bodkin Arrow
21:49 Ballistics
23:26 Padded Archer Armor
24:46 Bow Saw
28:54 Wheelbarrow
27:41 Elite Skirmisher
29:40 Leather Archer Armor
33:41 Hand Cart
33:48 Town Watch
37:36 Imperial Age
35:27 Scale Mail Armor
35:29 Squires
35:41 Forging
36:20 Gold Shaft Mining
35:54 Stone Mining
36:42 Chain Mail Armor
37:11 Masonry
38:17 Bracer
38:50 Plate Mail Armor
39:31 Architecture
40:16 Conscription
40:47 Bracer
41:08 Arbalester
43:38 Chemistry
42:18 Treadmill Crane
44:12 Man-at-Arms
46:09 Iron Casting
44:55 Long Swordsman
45:29 Two-Handed Swordsman
46:36 Champion
52:01 Two-Man Saw
51:50 Stone Shaft Mining
53:43 Blast Furnace
52:59 Town Patrol
Connection lost

Rejoining the realm…

Still unreachable

The connection could not be restored.

Session expired

The server has moved on; the page needs a fresh start.